 Dungeon Crawl Stone Soup version 0.31-a0-426-g3a05650e59 (webtiles) character file.

Game seed: 13270683462411687467

2508 night the Grappler (level 9, -9/48 HPs)
             Began as a Vine Stalker Shapeshifter on July 30, 2023.
             Was a Follower of Ashenzari.
             Mangled by a yak (14 damage)
             ... on level 8 of the Dungeon.
             The game lasted 00:14:51 (6083 turns).

night the Grappler (Vine Stalker Shapeshifter)      Turns: 6083, Time: 00:14:52

Health: -9/48      AC:  2    Str: 25    XL:     9   Next: 53%
Magic:  0/10       EV: 11    Int:  7    God:    Ashenzari [*.....]
Gold:   496        SH:  4    Dex: 15    Spells: 8/8 levels left

rFire   . .          .
                       - Unarmed
rCold   . . .        t - +0 buckler of Ashenzari's Planets {Melee, Bglg} (curse)
rNeg    . . .        i - +0 ring mail "Shattered Soothsayer" {Range, Fort} (curse)
rPois   .            (helmet currently unavailable)
rElec   .            (cloak currently unavailable)
rCorr   .            (gloves currently unavailable)
SInv    .            (boots currently unavailable)
Will    +....        (no amulet)
Stlth   +            (no ring)
HPRegen 1.08/turn    (no ring)
MPRegen 0.12/turn

%: guardian spirit
@: beast-form
A: beast (slay +4), fangs 3, regeneration 1, magic shield, antimagic bite, no
potion heal 2, deformed body, strong 1, wild magic 1
a: Begin Untransformation, Renounce Religion, Curse Item, Shatter the Chains


You were on level 8 of the Dungeon.
You worshipped Ashenzari.
Ashenzari was aware of your devotion.
You were a hulking beast.
You visited 1 branch of the dungeon, and saw 8 of its levels.
You also visited: Ossuary.

You collected 496 gold pieces.

Inventory:

Missiles
 g - 45 stones
 h - 6 boomerangs
 p - 9 javelins (quivered)
 r - 3 poisoned darts
Armour
 a - a +0 animal skin
 i - the cursed +0 ring mail "Shattered Soothsayer" (worn) {Range, Fort}
   (You found it on level 1 of the Dungeon)

   It has a curse which improves the following skills: Ranged Combat: Ranged
   Weapons and Throwing.
   Fortitude: Armour and Shields.
 t - the cursed +0 buckler of Ashenzari's Planets (worn) {Melee, Bglg}
   (You took it off a goblin on level 2 of the Dungeon)

   It has a curse which improves the following skills: Melee Combat: Short
   Blades, Long Blades, Axes, Maces & Flails, Polearms, Staves and Unarmed
   Combat.
   Beguiling: Conjurations, Hexes and Translocations.
Jewellery
 y - a ring of fire
 C - the amulet of Elemental Vulnerability {rPois rF-- rC-- AC+8}
   (You found it on level 7 of the Dungeon)

   [amulet of nothing]

   AC:        It affects your AC (+8).
   rF:        It makes you very vulnerable to fire.
   rC:        It makes you very vulnerable to cold.
   rPois:     It protects you from poison.
Talismans
 c - a beast talisman (active)
Wands
 z - a wand of charming (8)
Scrolls
 b - 3 scrolls of fog
 d - 2 scrolls of summoning
 f - 3 scrolls of teleportation
 j - 5 scrolls of immolation
 k - 7 scrolls of identify
 n - 3 scrolls of silence
 s - 2 scrolls of enchant weapon
 u - a scroll of brand weapon
 v - 4 scrolls of enchant armour
 w - 2 scrolls of poison
 x - a scroll of noise
 B - a scroll of revelation
Potions
 e - a potion of brilliance
 l - 2 potions of degeneration
 m - 2 potions of curing
 o - 2 potions of attraction
 q - a potion of enlightenment
 A - 2 potions of ambrosia


   Skills:
 + Level 5.7 Fighting
 - Level 1.5 Dodging
 * Level 9.4(10.2) Unarmed Combat
 + Level 6.0 Shapeshifting


You had 8 spell levels left.
You didn't know any spells.
Your spell library contained the following spells:

 Spells                   Type           Power      Damage    Failure   Level
 Slow                     Hex            0%         N/A       73%         1
 Confusing Touch          Hex            0%         N/A       97%         3
 Dazzling Flash           Conj/Hex       0%         N/A       97%         3
 Frozen Ramparts          Ice            0%         1d1       97%         3
 Portal Projectile        Hex/Tloc       0%         N/A       97%         3
 Tukima's Dance           Hex            0%         N/A       97%         3
 Vampiric Draining        Necr           0%         2d6       97%         3
 Volatile Blastmotes      Fire/Tloc      0%         2d10      97%         3
 Iskenderun's Mystic Bla  Conj/Tloc      0%         2d3       100%        4
 Petrify                  Tmut/Erth      0%         N/A       100%        4
 Metabolic Englaciation   Hex/Ice        0%         N/A       100%        5
 Starburst                Conj/Fire      0%         6d3       100%        6
 Maxwell's Capacitive Co  Air            0%         ∞         100%        8


Dungeon Overview and Level Annotations

Branches:
Dungeon (8/15)             Temple (0/1) D:6         Ossuary (visited)
   Lair: D:8-11

Altars:
Ashenzari
Elyvilon
Gozag
Ru
Sif Muna
Trog
Uskayaw
Yredelemnul
The Shining One

Shops:
D:1 ?:


Innate Abilities, Weirdness & Mutations

You are a hulking beast.
Your limbs bulge with bestial killing power. (Slay +4)
You have razor-sharp teeth.
Your natural rate of healing is unusually fast.
When hurt, damage is shared between your health and your magic reserves.
Your bite disrupts and absorbs the magic of your enemies.
Potions cannot restore your health.
Armour fits poorly on your strangely shaped body.
Your muscles are strong. (Str +4, Int/Dex -1)
Your spells are a little harder to cast, but a little more powerful.


Message History

There is a stone staircase leading up here.
There is a stone staircase leading down here.
You climb downwards.
Found a stone staircase leading up.
There is a stone staircase leading up here.
A sourceless malevolence fills the Dungeon... and a teleportation trap spontaneously manifests!
You are yanked towards some nearby monsters!
Your surroundings suddenly seem different.
You enter a teleport trap!
The teleport trap disappears.
Your surroundings suddenly seem different.
Found a scroll of immolation and a wand of flame (6).
Found an escape hatch in the ceiling.
j - 5 scrolls of immolation (gained 1)
Found an escape hatch in the floor.
Found a book of Weapons.
A yak comes into view.
The yak bellows!
A yak comes into view.
You see here a wand of flame (6).
A yak comes into view.
The yak bellows! x2
The yak gores you.
You hit the yak. You bite the yak, but do no damage.
The yak is lightly wounded.
You hit the yak.
The yak is lightly wounded.
The yak gores you!
You completely miss the yak. Your bite misses the yak.
The yak is lightly wounded.
The yak gores you!
You closely miss the yak.
The yak is lightly wounded.
The yak gores you!
You are too injured to fight recklessly!
The yak attacks as you move away! The yak gores you.
* * * LOW HITPOINT WARNING * * *
The yak gores you!
* * * LOW HITPOINT WARNING * * *
The yak attacks as you move away! The yak gores you!
You die...

.. #####...: ...........#
..##>.....##### .
.............### #.# #
#.###...........<.#
#...###.##
...............#.#
#.)....###..#..Y..........#
#####..........Yh/......##
.....##..Y.........#
............#.....#
##...####........# ...##
#.##.....# ##. #.##.....# #
#. #/##.....# .. #.
#.##.....# ... .## #.....#


You could see 3 yaks.

Vanquished Creatures
  A wyvern (D:7)
  4 yaks (D:7)
  A wraith (Ossuary)
  A water moccasin (D:7)
  2 black bears
  An orc warrior (D:6)
  A sky beast (D:7)
  2 ogres
  A kobold brigand (D:7)
  A bullfrog (D:7)
  A scorpion (D:6)
  4 killer bees (D:7)
  A howler monkey (D:4)
  5 orc priests
  2 hounds
  2 sleepcaps
  An iguana (D:6)
  3 orc wizards (D:7)
  A mummy (Ossuary)
  7 adders
  2 shadow imps
  A worm (D:1)
  3 dart slugs
  15 orcs
  14 endoplasms
  7 giant cockroaches
  8 goblins
  6 hobgoblins
  14 jackals
  3 kobolds
  5 quokkas
  5 ball pythons
  6 bats
  4 frilled lizards
  4 gnoll skeletons (Ossuary)
  2 goblin zombies (D:4)
  9 kobold skeletons (Ossuary)
  12 orc skeletons (Ossuary)
  9 rats
171 creatures vanquished.

Vanquished Creatures (others)
  A wizard (D:3)
1 creature vanquished.

Grand Total: 172 creatures vanquished

Notes
Turn   | Place    | Note
-------+----------+-------------------------------------------
     0 | D:1      | night the Vine Stalker Shapeshifter began the quest for the
                  | Orb.
     0 | D:1      | Reached XP level 1. HP: 9/9 MP: 2/2
     1 | D:1      | Found a runed translucent door.
    27 | D:1      | Reached skill level 1 in Fighting
    88 | D:1      | Reached XP level 2. HP: 14/14 MP: 3/3
   101 | D:1      | Found Kekhlos's Book Boutique.
   487 | D:1      | Reached XP level 3. HP: 14/18 MP: 2/4
   515 | D:1      | Found The Oracle's Delphic Readings.
   783 | D:2      | Reached skill level 4 in Unarmed Combat
   783 | D:2      | Gained mutation: Your natural rate of healing is unusually
                  | fast. [Vine Stalker growth]
   783 | D:2      | Reached XP level 4. HP: 23/23 MP: 5/5
   898 | D:2      | Found a faded altar of an unknown god.
   909 | D:2      | Prayed at the altar of an unknown god.
   909 | D:2      | Became a worshipper of Ashenzari the Shackled
  1597 | D:3      | Found a sacrificial altar of Ru.
  1817 | D:3      | Found a bloodstained altar of Trog.
  1819 | D:3      | Noticed a wizard
  1823 | D:3      | Killed a wizard
  2025 | D:3      | Found a glowing golden altar of the Shining One.
  2090 | D:4      | Found a sand-covered staircase.
  2098 | Ossuary  | Entered an ossuary
  2098 | Ossuary  | Noticed a wraith
  2098 | Ossuary  | Noticed a wraith
  2098 | Ossuary  | Noticed a wraith
  2128 | Ossuary  | Reached skill level 2 in Fighting
  2161 | Ossuary  | Noticed a wraith
  2202 | Ossuary  | Gained mutation: Armour fits poorly on your strangely
                  | shaped body. [potion of mutation]
  2202 | Ossuary  | Gained mutation: You have supernaturally acute eyesight.
                  | (SInv) [potion of mutation]
  2202 | Ossuary  | Gained mutation: You have hidden genetic defects. [potion
                  | of mutation]
  2202 | Ossuary  | Gained mutation: You have a pair of small antennae on your
                  | head. [potion of mutation]
  2208 | Ossuary  | Killed a wraith
  2209 | Ossuary  | Reached skill level 5 in Unarmed Combat
  2209 | Ossuary  | Reached XP level 5. HP: 19/27 MP: 1/6
  2209 | Ossuary  | Reached XP level 6. HP: 23/32 MP: 1/7
  2215 | Ossuary  | Gained mutation: You occasionally shout uncontrollably at
                  | your foes. [hidden defects]
  2234 | Ossuary  | Identified the cursed +0 ring mail "Shattered Soothsayer"
                  | {Range, Fort} (You found it on level 1 of the Dungeon)
  2246 | Ossuary  | Lost mutation: You occasionally shout uncontrollably at
                  | your foes. [potion of mutation]
  2246 | Ossuary  | Lost mutation: You have supernaturally acute eyesight.
                  | (SInv) [potion of mutation]
  2246 | Ossuary  | Lost mutation: You have a pair of small antennae on your
                  | head. [potion of mutation]
  2246 | Ossuary  | Gained mutation: You expend magic power (3 MP) to
                  | strengthen your wands. [potion of mutation]
  2508 | D:4      | Gained mutation: You sometimes lose your temper in combat.
                  | [hidden defects]
  2508 | D:4      | Lost mutation: You have hidden genetic defects. [hidden
                  | defects expressed]
  3232 | D:4      | Found a shimmering blue altar of Sif Muna.
  3549 | D:5      | Entered Level 5 of the Dungeon
  3645 | D:5      | Reached XP level 7. HP: 29/36 MP: 8/8
  3690 | D:5      | Found a basalt altar of Yredelemnul.
  3746 | D:5      | Found an opulent altar of Gozag.
  3770 | D:5      | Reached skill level 6 in Unarmed Combat
  3844 | D:5      | Lost mutation: You sometimes lose your temper in combat.
                  | [potion of mutation]
  3844 | D:5      | Lost mutation: You expend magic power (3 MP) to strengthen
                  | your wands. [potion of mutation]
  3844 | D:5      | Gained mutation: Your spells are a little harder to cast,
                  | but a little more powerful. [potion of mutation]
  3844 | D:5      | Gained mutation: Your muscles are strong. (Str +4, Int/Dex
                  | -1) [potion of mutation]
  4583 | D:6      | Reached * piety under Ashenzari
  4747 | D:6      | Gained mutation: You have razor-sharp teeth. [Vine Stalker
                  | growth]
  4747 | D:6      | Reached XP level 8. HP: 28/42 MP: 4/9
  4850 | D:6      | Reached skill level 7 in Unarmed Combat
  4949 | D:6      | Found a staircase to the Ecumenical Temple.
  4992 | D:6      | Found a hide-covered altar of Uskayaw.
  5213 | D:6      | Found a white marble altar of Elyvilon.
  5269 | D:7      | Noticed a wyvern
  5277 | D:7      | Killed a wyvern
  5278 | D:7      | Reached skill level 5 in Shapeshifting
  5338 | D:7      | Noticed a yak
  5338 | D:7      | Noticed a yak
  5345 | D:7      | Killed a yak
  5348 | D:7      | Noticed a yak
  5356 | D:7      | Killed a yak
  5357 | D:7      | Reached skill level 8 in Unarmed Combat
  5360 | D:7      | HP: 6/42 [yak (11)]
  5361 | D:7      | Killed a yak
  5361 | D:7      | Noticed a yak
  5362 | D:7      | Reached skill level 5 in Fighting
  5386 | D:7      | Killed a yak
  5387 | D:7      | Reached XP level 9. HP: 31/47 MP: 10/10
  5544 | D:7      | Reached skill level 9 in Unarmed Combat
  5633 | D:7      | Found the amulet of Elemental Vulnerability {rPois rF--
                  | rC-- AC+8}
  6082 | D:8      | HP: 5/48 [yak (7)]
  6083 | D:8      | Mangled by a yak

Illustrated notes

Levels and vault maps discovered:
D:1:      dpeg_arrival_caged_fury, layout_basic, serial_shops,
          nicolae_shop_waterfront, nicolae_nh_oracle_at_delphi
D:2:      layout_loops_ring, ebering_ecumenical_altar_webs, kennysheep_nub,
          minmay_pentomino_z4
D:3:      layout_basic, trog_wizard, mainiacjoe_overflow_alcove_2,
          nicolae_tso_swordbearing_angel, hangedman_decor_growths
D:4:      layout_loops_corners, lemuel_blue_sif_altar, serial_forest,
          infiniplex_forest_clump_tiny, infiniplex_forest_end_double,
          infiniplex_forest_lined_corner, infiniplex_forest_end_3,
          infiniplex_forest_lined_4_way, infiniplex_forest_end_1,
          enter_ossuary_4
D:5:      layout_basic, mainiacjoe_overflow_concentric_impassable,
          nicolae_gozag_seed_capital
D:6:      layout_basic, nicolae_elyvilon_temple_path,
          mainiacjoe_overflow_brackets, minmay_temple_entry_offerings,
          lightli_orcish_oven
D:7:      layout_basic
D:8:      layout_rooms, regret_index_temple_of_mockery

Skill      XL: |  1  2  3  4  5  6  7  8  9 |
---------------+----------------------------+-----
Fighting       | 1 2 3 5 |  5.7
Unarmed Combat | 4 5 6 8 9 |  9.4
Shapeshifting  | 4 5 6 |  6.0
Dodging        | |  1.5

Action                     |  1- 3 |  4- 6 |  7- 9 || total
---------------------------+-------+-------+-------++-------
  Melee: Unarmed           |    90 |   175 |   129 ||   394
         Bite              |    15 |    54 |    49 ||   118
         Punch             |     2 |     1 |       ||     3
  Throw: Dart              |       |       |     6 ||     6
         Javelin           |       |       |     1 ||     1
 Invoke: Curse Item        |       |     1 |     1 ||     2
    Use: Potion            |       |     6 |     1 ||     7
 Armour: Animal skin       |    16 |       |       ||    16
         Ring mail         |     7 |    35 |     3 ||    45
         Skin              |       |     7 |       ||     7
  Dodge: Dodged            |    61 |    96 |    42 ||   199
  Block: Buckler           |       |     2 |    15 ||    17

Table legend: (Time is in decaauts)
 A = Elapsed time spent in this place.
 B = Non-inter-level travel time spent in this place.
 C = Inter-level travel time spent in this place.
 D = Time resting spent in this place.
 E = Time spent auto-exploring this place.
 F = Levels seen in this place.
 G = Mean time per level.
                   A        B        C        D        E       F      G
               +--------+--------+--------+--------+--------+-----+--------+
         Total |   6111 |   5864 |    247 |     94 |   4719 |   9 |  679.0 |
       Dungeon |   5854 |   5607 |    247 |     55 |   4639 |   8 |  731.8 |
       Ossuary |    257 |    257 |      0 |     39 |     80 |   1 |  257.0 |
               +--------+--------+--------+--------+--------+-----+--------+

Top non-repeatable levels by time:
     D:4: 1173 daAuts
     D:6: 1067 daAuts
     D:7: 798 daAuts
     D:2: 797 daAuts
     D:1: 696 daAuts
     D:5: 653 daAuts
     D:3: 648 daAuts
 Ossuary: 257 daAuts
     D:8: 18 daAuts
